 Dungeon Crawl Stone Soup version 0.29.1-1-gd02db6906a (webtiles) character file.

Game seed: 17444309969189717565

157 pacmanke6689 the Slasher (level 5, -6/31 HPs)
             Began as a Tengu Gladiator on Sept 25, 2022.
             Mangled by a black bear (11 damage)
             ... on level 4 of the Dungeon.
             The game lasted 00:05:42 (2916 turns).

pacmanke6689 the Slasher (Tengu Gladiator)          Turns: 2916, Time: 00:05:43

Health: -6/31      AC:  3    Str: 17    XL:     5   Next: 38%
Magic:  6/6        EV: 15    Int:  8    God:
Gold:   133        SH:  0    Dex: 15    Spells: 4/4 levels left

rFire   . . .      SeeInvis .   a - +0 long sword
rCold   . . .      Faith    .   (no shield)
rNeg    . . .      Spirit   .   b - +0 leather armour
rPois   .          Reflect  .   c - +0 hat
rElec   .          Harm     .   (no cloak)
rCorr   .          Rampage  .   (no gloves)
Will    .....                   (boots unavailable)
Stlth   +.........              (no amulet)
HPRegen 0.10/turn               (no ring)
MPRegen 0.10/turn               (no ring)

@: flying quickly and evasively, quick
A: beak, talons 3, nimble flight
a: no special abilities


You were on level 4 of the Dungeon.
You visited 1 branch of the dungeon, and saw 4 of its levels.

You collected 133 gold pieces.

Inventory:

Hand Weapons
 a - a +0 long sword (weapon)
Missiles
 k - 4 boomerangs (quivered)
Armour
 b - a +0 leather armour (worn)
 c - a +0 hat (worn)
 d - a +0 pair of boots
Jewellery
 j - an amulet of reflection
Scrolls
 f - 3 scrolls of identify
 h - a scroll of immolation {unknown}
 l - a scroll of acquirement {unknown}
 m - a scroll of teleportation {unknown}
 q - a scroll of magic mapping {unknown}
Potions
 g - a potion of cancellation {unknown}
 i - a potion of lignification {unknown}
 n - 2 potions of curing
 o - a potion of invisibility {unknown}
 p - a potion of attraction {unknown}
 r - a potion of flight {unknown}


   Skills:
 + Level 2.7 Fighting
 + Level 4.4 Long Blades
 + Level 2.6 Throwing
 + Level 2.1 Armour
 + Level 4.1 Dodging
 + Level 0.5 Stealth


You had 4 spell levels left.
You didn't know any spells.
Your spell library was empty.

Dungeon Overview and Level Annotations

Branches:
Dungeon (4/15)
 Temple: D:4-7

Altars:
Nemelex Xobeh


Innate Abilities, Weirdness & Mutations

You have a beak for a mouth.
You have claws for feet.
Your magical nature lets you fly swiftly and evasively.


Message History

The black bear growls angrily.
As you read the scroll labelled JACSAIMESA, it crumbles to dust.
The scroll dissolves into smoke.
It was a scroll of fog.
As you read the scroll labelled FOAVUR NOMETS, it crumbles to dust.
It is a scroll of identify.
n - 2 potions of curing You hit the black bear but do no damage.
You peck the black bear.
The black bear is lightly wounded.
The black bear misses you. The black bear closely misses you. x2
You hit the black bear but do no damage.
The black bear is lightly wounded.
The black bear closely misses you. x2; The black bear completely misses you.
You closely miss the black bear.
The black bear is lightly wounded.
The black bear bites you.
The black bear claws you but does no damage.
The black bear claws you. The black bear bites you.
The black bear misses you. x2
You closely miss the black bear. You claw the black bear!
The black bear is heavily wounded.
The black bear misses you. The black bear completely misses you.
The black bear claws you.
You closely miss the black bear. You claw the black bear!
The black bear is severely wounded.
The black bear goes berserk!
You barely miss the black bear.
The black bear is severely wounded.
The black bear barely misses you. x3; The black bear closely misses you. x2
The black bear claws you.
You barely miss the black bear. Your kick misses the black bear.
The black bear is severely wounded.
The black bear bites you. The black bear claws you.
* * * LOW HITPOINT WARNING * * *
The black bear claws you.
* * * LOW HITPOINT WARNING * * *
You hit the black bear.
You claw the black bear, but do no damage.
The black bear is almost dead.
The black bear bites you!
You die...

......)#
#...........##
.......#
#...........#
.......#
#..........##
.......#
#......[...#
.......#
#.........##
.......#
.........#
......##
#######§##
......# #§§#
#@## #h## .§§
....§ .......
......# ######


You could see a black bear (berserk).

Vanquished Creatures
  A jelly (D:4)
  A hound (D:4)
  4 adders
  3 dart slugs
  5 endoplasms
  4 giant cockroaches
  4 goblins
  4 hobgoblins
  5 jackals (D:1)
  3 kobolds (D:1)
  5 quokkas (D:1)
  4 ball pythons
  2 bats
  A frilled lizard (D:1)
  6 rats
52 creatures vanquished.

Notes
Turn   | Place    | Note
-------+----------+-------------------------------------------
     0 | D:1      | pacmanke6689 the Tengu Gladiator began the quest for the
                  | Orb.
     0 | D:1      | Reached XP level 1. HP: 12/12 MP: 2/2
   134 | D:1      | Found a faded altar of an unknown god.
   227 | D:1      | Reached XP level 2. HP: 17/17 MP: 3/3
   560 | D:1      | Reached XP level 3. HP: 11/21 MP: 4/4
  1404 | D:2      | Reached skill level 1 in Armour
  1546 | D:2      | Reached XP level 4. HP: 14/27 MP: 5/5
  1885 | D:2      | Found a sparkling altar of Nemelex Xobeh.
  2287 | D:3      | Identified the +6 quarterstaff of the Unspeakable One
                  | {freeze, Int+2}
  2491 | D:4      | Gained mutation: Your magical nature lets you fly swiftly
                  | and evasively. [Tengu growth]
  2491 | D:4      | Reached XP level 5. HP: 11/31 MP: 6/6
  2903 | D:4      | Noticed a black bear
  2916 | D:4      | Mangled by a black bear

Illustrated notes

Levels and vault maps discovered:
D:1:      erik_arrival_orb_chamber, layout_basic, ebering_ecumenical_altar_box
D:2:      layout_loops_cross, basic_altar
D:3:      layout_basic
D:4:      layout_cave_pods, enter_ossuary_2, serial_park, serial_park_paths
          [serial_park_minivault_5x5_5], serial_park_tiny_2, serial_park_square3
          [serial_park_minivault_5x5_7], serial_park_tiny_2

Skill      XL: |  1  2  3  4  5 |
---------------+----------------+-----
Dodging        | 4 |  4.1
Armour         | 1 2 |  2.1
Long Blades    | 4 |  4.4
Fighting       | |  2.7
Throwing       | |  2.6
Stealth        | |  0.5

Action                   |  1- 3 |  4- 6 || total
-------------------------+-------+-------++-------
Melee: Long sword        |    76 |    24 ||   100
       Kick              |    14 |     7 ||    21
       Peck              |     7 |     4 ||    11
       Punch             |       |     1 ||     1
Throw: Javelin           |     6 |       ||     6
       Boomerang         |     2 |    22 ||    24
  Use: Scroll            |       |     2 ||     2
Armor: Leather armour    |    19 |     4 ||    23
Dodge: Dodged            |    62 |    26 ||    88
